 Dungeon Crawl Stone Soup version 0.13-b1-45-g38f3f9b (webtiles) character file.

118 Lilouch the Skirmisher (level 4, -3/36 HPs)
             Began as a Mummy Fighter on Oct 9, 2013.
             Slain by a necromancer
             ... wielding a +0,+0 short sword
              (5 damage)
             ... on Level 1 of the Dungeon.
             The game lasted 00:08:58 (5354 turns).

Lilouch the Skirmisher (Mummy Fighter)              Turns: 5354, Time: 00:08:58

HP  -3/36        AC  6     Str 20      XL: 4   Next:  3%
MP   3/3         EV  6     Int  7      God:
Gold 48          SH 18     Dex 11      Spells:  0 memorised,  3 levels left

Res.Fire  : x . .   See Invis. : .   a - +0 falchion
Res.Cold  : + . .   Warding    : .   b - +0 scale mail
Life Prot.: + + +   Conserve   : .   c - +0 shield
Res.Poison: +       Res.Corr.  : .   (no helmet)
Res.Elec. : .       Clarity    : .   (no cloak)
Sust.Abil.: . .     Spirit.Shd : .   (no gloves)
Res.Mut.  : .       Stasis     : .   (no boots)
Res.Rott. : +       Flight     : .   (no amulet)
Saprovore : . . .                    (no ring)
                                     (no ring)

@: constricted, slightly resistant to hostile enchantments, extremely unstealthy
A: no food or potions, fire vulnerability, restore body, cold resistance 1, life
protection 3, poison resistance, torment resistance, unbreathing
a: no special abilities


You were on level 1 of the Dungeon.
You were not hungry.

You visited 1 branch of the dungeon, and saw 2 of its levels.

You collected 28 gold pieces.

Inventory:

Hand weapons
 a - a +0,+0 falchion (weapon)
 m - a +0,+0 spear
Missiles
 d - a dart of frost (quivered)
 g - 12 darts of dispersal
 h - 4 darts
 k - 29 stones
Armour
 b - a +0 scale mail (worn)
 c - a +0 shield (worn)
Comestibles
 f - 2 meat rations
 i - a bread ration
Scrolls
 e - a scroll of curse jewellery {unknown}
 j - a scroll of recharging {unknown}
 l - a scroll of fear {unknown}
Jewellery
 n - a +4 ring of protection {unknown}


   Skills:
 - Level 3.0 Fighting
 * Level 2.8 Long Blades
 + Level 2.8 Armour
 + Level 2.8 Shields


You had 3 spell levels left.
You didn't know any spells.

Dungeon Overview and Level Annotations

Branches:
Dungeon (2/27)

Altars:


Innate Abilities, Weirdness & Mutations

You do not eat or drink.
Your flesh is vulnerable to fire.
Your flesh is cold resistant.
You are immune to negative energy.
Your system is resistant to poisons.
You are immune to unholy pain and torment.
You can survive without breathing.


Message History

The necromancer completely misses you.
You closely miss the necromancer.
The necromancer is moderately wounded.
You block the necromancer's attack.
A ball python comes into view.
You barely miss the necromancer.
The necromancer is moderately wounded.
The necromancer hits you with a short sword.
The necromancer points at you and mumbles some strange words.
The bolt of cold hits you! You resist.
* * * LOW HITPOINT WARNING * * *
You hit the necromancer.
The necromancer is moderately wounded.
The ball python barely misses you.
* * * LOW HITPOINT WARNING * * *
The ball python grabs you.
* * * LOW HITPOINT WARNING * * *
The ball python constricts you.
The necromancer hits you with a short sword.
You die...

#.#######.######### #)# #.# #.#
#.# ### #.# #.# #.# #.# #.#
####.######.#######.#######
..........................#
####.#...##.##....#.......#
#...+......[...@S..##.##.#
#.#.#.........#.@#.##.##.#
#.#.+......#..#..#.##.##.#
##.#.#......#.....#.##....#
.....###.......#..#.##.##.#
##..........##....#.......#######
#...............................
##...........#....##.#.##.#######
......)......#....#..........#


You could see a necromancer and a ball python.

Vanquished Creatures
  3 gnolls (D:2)
  A giant gecko (D:1)
  An ooze (D:1)
  7 bats (D:1)
  5 hobgoblins (D:1)
  3 jackals (D:1)
  6 kobolds (D:1)
  6 goblins (D:1)
  4 rats
36 creatures vanquished.

Notes
Turn   | Place    | Note
--------------------------------------------------------------
     0 | D:1      | Lilouch, the Mummy Fighter, began the quest for the Orb.
     0 | D:1      | Reached XP level 1. HP: 18/18 MP: 0/0
     0 | D:1      | Noticed a troll zombie
     0 | D:1      | Noticed an octopode zombie
     0 | D:1      | Noticed a troll zombie
     4 | D:1      | Noticed a merfolk zombie
     8 | D:1      | Noticed an elf zombie
    13 | D:1      | Noticed a centaur zombie
    16 | D:1      | Noticed a centaur zombie
    16 | D:1      | Noticed a human zombie
    18 | D:1      | Noticed a centaur zombie
    20 | D:1      | Noticed a merfolk zombie
    22 | D:1      | Noticed an elf zombie
    22 | D:1      | Noticed a centaur zombie
   218 | D:1      | Reached XP level 2. HP: 22/24 MP: 1/1
   642 | D:1      | Reached XP level 3. HP: 26/30 MP: 2/2
   846 | D:2      | HP: 1/30 [gnoll/whip (7)]
  3023 | D:1      | Reached XP level 4. HP: 36/36 MP: 3/3
  5321 | D:1      | Noticed a two-headed ogre
  5337 | D:1      | Noticed a necromancer
  5354 | D:1      | Slain by a necromancer

Action                   |  1- 3 |  4- 6 || total
-------------------------+-------+-------++-------
Melee: Falchion          |   140 |    20 ||   160
